 Dungeon Crawl Stone Soup version 0.27-a0-1048-g7ee7857c10 (webtiles) character file.

Game seed: 1774193187905390227

60 Morbidden the Skirmisher (level 3, -4/30 HPs)
             Began as a Demonspawn Fighter on Apr 20, 2021.
             Slain by Natasha (7 damage)
             ... on level 1 of the Dungeon.
             The game lasted 00:01:39 (1416 turns).

Morbidden the Skirmisher (Demonspawn Fighter)       Turns: 1416, Time: 00:01:40

Health: -4/30      AC:  9    Str: 16    XL:     3   Next: 82%
Magic:  3/3        EV:  7    Int: 10    God:
Gold:   68         SH:  8    Dex: 12    Spells: 2/2 levels left

rFire    . . .     SeeInvis .   (no weapon)
rCold    . . .     Faith    .   c - +0 kite shield
rNeg     . . .     Spirit   .   b - +0 scale mail
rPois    .         Reflect  .   g - +0 helmet
rElec    .         Harm     .   (no cloak)
rCorr    .         Rampage  .   (no gloves)
Will     .....                  (no boots)
Stlth    ..........             (no amulet)
HPRegen  0.10/turn              (no ring)
MPRegen  0.08/turn              (no ring)

@: mighty, flying
A: claws 1, thin metallic scales 1
a: no special abilities


You were on level 1 of the Dungeon.
You visited 1 branch of the dungeon, and saw 2 of its levels.

You collected 68 gold pieces.

Inventory:

Armour
 b - a +0 scale mail (worn)
 c - a +0 kite shield (worn)
 g - a +0 helmet (worn)
Jewellery
 j - a ring of flight
Scrolls
 a - a scroll of identify {unknown}
 f - a scroll of summoning {unknown}
 i - a scroll of teleportation {unknown}
Potions
 h - a potion of heal wounds {unknown}


   Skills:
 * Level 3.6 Fighting
 * Level 2.1 Long Blades
 + Level 3.1 Armour
 + Level 0.4 Dodging
 + Level 3.0 Shields
 + Level 0.4 Unarmed Combat


You had 2 spell levels left.
You didn't know any spells.
Your spell library contained the following spells:

 Spells                   Type           Power      Damage    Failure   Level
 Confusing Touch          Hex            0%         N/A       100%        3
 Gell's Gravitas          Tloc           0%         N/A       100%        3
 Petrify                  Tmut/Erth      0%         N/A       100%        4
 Metabolic Englaciation   Hex/Ice        0%         N/A       100%        5
 Yara's Violent Unravell  Hex/Tmut       0%         3d3       100%        5


Dungeon Overview and Level Annotations

Branches:
Dungeon (2/15)

Altars:

Annotations:
D:1 Natasha


Innate Abilities, Weirdness & Mutations

You have sharp fingernails.
You are partially covered in thin metallic scales. (AC +2)


Message History

Unknown command.
Okay, then.
Natasha claws you but does no damage. You block Natasha's attack.
You feel very mighty all of a sudden.
Natasha mumbles some strange words.
Unknown command.
You barely miss Natasha. Natasha claws you.
* * * LOW HITPOINT WARNING * * *
You closely miss Natasha. You block Natasha's attack.
You scratch Natasha.
Natasha is lightly wounded.
Natasha casts a spell.
You block Natasha's attack.
Your scale mail prevents you from hitting Natasha.
Natasha is lightly wounded.
Natasha casts a spell at you. The magic dart hits you.
* * * LOW HITPOINT WARNING * * *
You scratch Natasha.
Natasha is moderately wounded.
Natasha barely misses you.
Unknown command.
Unknown command.
You barely miss Natasha.
Natasha is moderately wounded.
Natasha wildly gestures.
You feel disoriented.
Natasha casts a spell.
Unknown command.
You claw Natasha!
Natasha is severely wounded.
Natasha claws you.
* * * LOW HITPOINT WARNING * * *
You block the crimson imp's attack. Natasha closely misses you.
Unknown command.
It was a potion of flight.
You feel very buoyant.
You fly up into the air.
The crimson imp barely misses you. Natasha claws you!
You die...

.#.....###.......##
##...#.......#####
...###...#####
..#.....########
...............#########
..........####....>....#
...........#######)..###
............######5###
...............5@hS#
............########
#...........#
#.........[.#
...........##
............#
#...........####
...............##########
........................#


You could see Natasha, a crimson imp (summoned), an adder and a white imp
(summoned).

Vanquished Creatures
  Natasha (D:2)
  A shadow imp (D:2)
  2 dart slugs (D:1)
  2 ball pythons (D:1)
  2 endoplasms (D:1)
  2 giant cockroaches (D:1)
  2 hobgoblins (D:1)
  2 kobolds (D:1)
  5 bats (D:1)
  2 frilled lizards (D:1)
  5 rats (D:1)
26 creatures vanquished.

Notes
Turn   | Place    | Note
-------+----------+-------------------------------------------
     0 | D:1      | Morbidden the Demonspawn Fighter began the quest for the
                  | Orb.
     0 | D:1      | Reached XP level 1. HP: 18/18 MP: 1/1
   336 | D:1      | Gained mutation: You have sharp fingernails. [demonic
                  | ancestry]
   336 | D:1      | Reached XP level 2. HP: 24/24 MP: 2/2
  1103 | D:2      | Gained mutation: You are partially covered in thin metallic
                  | scales. (AC +2) [demonic ancestry]
  1103 | D:2      | Reached XP level 3. HP: 28/29 MP: 3/3
  1114 | D:2      | Noticed Natasha
  1130 | D:2      | Killed Natasha
  1133 | D:2      | Noticed a necrophage
  1141 | D:2      | Noticed Natasha
  1416 | D:1      | Slain by Natasha

Illustrated notes

Levels and vault maps discovered:
D:1:      onia_arrival_handbag, layout_rooms, minmay_pentomino_v4
D:2:      layout_loops_ring, serial_shops, nicolae_shop_stone,
          minmay_misc_feat_rugged, hex_large, minmay_between, uniq_natasha,
          uniq_crazy_yiuf_cottage

Skill      XL: |  1  2  3 |
---------------+----------+-----
Armour         | 3 |  3.1
Long Blades    | 2 |  2.1
Shields        | 3 |  3.0
Fighting       | |  3.6
Dodging        | |  0.4
Unarmed Combat | |  0.4

Action                   || total
-------------------------++-------
Melee: Long sword        ||    26
       Unarmed           ||   129
  Use: Potion            ||     2
Armor: Scale mail        ||   119
Dodge: Dodged            ||    67
Block: Kite shield       ||    96
       Rpst.: Long sword ||     1

Table legend: (Time is in decaauts)
 A = Elapsed time spent in this place.
 B = Non-inter-level travel time spent in this place.
 C = Inter-level travel time spent in this place.
 D = Time resting spent in this place.
 E = Time spent auto-exploring this place.
 F = Levels seen in this place.
 G = Mean time per level.
                   A        B        C        D        E       F      G
               +--------+--------+--------+--------+--------+-----+--------+
         Total |   1473 |   1452 |     21 |    248 |    862 |   2 |  736.5 |
       Dungeon |   1473 |   1452 |     21 |    248 |    862 |   2 |  736.5 |
               +--------+--------+--------+--------+--------+-----+--------+

Top non-repeatable levels by time:
     D:1: 1406 daAuts
     D:2: 66 daAuts
